 Dungeon Crawl Stone Soup version 0.30-a0-4-ga7cffc901d (webtiles) character file.

Game seed: 18349429931699957864

123 Setbun the Cutter (level 5, 0/30 HPs)
             Began as a Kobold Brigand on Aug 21, 2022.
             Slain by a gnoll
             ... wielding a +0 hand axe
              (6 damage)
             ... on level 1 of the Dungeon.
             The game lasted 00:03:07 (1977 turns).

Setbun the Cutter (Kobold Brigand)                  Turns: 1977, Time: 00:03:08

Health: 0/30       AC:  4    Str:  9    XL:     5   Next: 29%
Magic:  5/5        EV: 14    Int: 12    God:
Gold:   124        SH:  0    Dex: 18    Spells: 4/4 levels left

rFire   . . .      SeeInvis .    a - +2 dagger
rCold   . . .      Faith    .    (no shield)
rNeg    . . .      Spirit   .    b - +0 robe
rPois   .          Reflect  .    (no helmet)
rElec   .          Harm     .    c - +0 cloak
rCorr   .          Rampage  .    (no gloves)
Will    .....                    n - +0 pair of boots
Stlth   ++++......               (no amulet)
HPRegen 0.10/turn                (no ring)
MPRegen 0.09/turn                (no ring)

@: no status effects
A: small, no large weapons, nightstalker 3
a: no special abilities


You were on level 1 of the Dungeon.
You visited 1 branch of the dungeon, and saw 2 of its levels.

You collected 124 gold pieces.

Inventory:

Hand Weapons
 a - a +2 dagger (weapon)
Missiles
 d - 12 poisoned darts (quivered)
 e - 3 curare-tipped darts
Armour
 b - a +0 robe (worn)
 c - a +0 cloak (worn)
 n - a +0 pair of boots (worn)
Wands
 r - a wand of roots (1)
Scrolls
 g - a scroll of magic mapping {unknown}
 k - a scroll of butterflies {unknown}
 l - 3 scrolls of identify {unknown}
 p - 2 scrolls of immolation {unknown}
Potions
 f - a potion of mutation {unknown}
 h - 3 potions of haste {unknown}
 i - 3 potions of invisibility {unknown}
 j - a potion of lignification {unknown}
 m - a potion of might {unknown}
 o - a potion of cancellation {unknown}
 q - a potion of resistance {unknown}


   Skills:
 - Level 2.1 Fighting
 * Level 6.7 Short Blades
 - Level 2.1 Throwing
 - Level 1.2 Dodging
 - Level 5.3 Stealth


You had 4 spell levels left.
You didn't know any spells.
Your spell library contained the following spells:

 Spells                   Type           Power      Damage    Failure   Level
 Sublimation of Blood     Necr           0%         N/A       45%         2
 Wereblood                Tmut           0%         N/A       45%         2
 Summon Hydra             Summ           0%         N/A       100%        7


Dungeon Overview and Level Annotations

Branches:
Dungeon (2/15)

Altars:

Annotations:
D:2 Natasha


Innate Abilities, Weirdness & Mutations

You are small and have problems with some larger weapons.
You are completely attuned to the shadows.


Message History

You hit the gnoll.
The gnoll is almost dead.
The gnoll misses you.
You hit the gnoll.
You kill the gnoll!
There is an open door here.
Found a pair of boots.
There is an open door here.
You see here a +0 pair of boots.
The gnoll attacks as you move away! The gnoll hits you with a +0 hand axe.
The gnoll attacks as you move away! The gnoll misses you.
There is a stone staircase leading up here.
The gnoll hits you with a +0 hand axe.
You climb upwards.
There is a stone staircase leading down here.
You hit the gnoll.
The gnoll is moderately wounded.
The gnoll barely misses you.
You barely miss the gnoll.
The gnoll is moderately wounded.
The gnoll hits you with a +0 hand axe.
* * * LOW HITPOINT WARNING * * *
You hit the gnoll but do no damage.
The gnoll is moderately wounded.
You hit the gnoll but do no damage.
The gnoll is moderately wounded.
The gnoll barely misses you.
You hit the gnoll.
The gnoll is heavily wounded.
The gnoll hits you with a +0 hand axe.
* * * LOW HITPOINT WARNING * * *
You hit the gnoll.
The gnoll is heavily wounded.
You hit the gnoll.
The gnoll is almost dead.
The gnoll closely misses you.
You hit the gnoll but do no damage.
The gnoll is almost dead.
The gnoll hits you with a +0 hand axe.
You die...

#..)†....#######
##........##
#......#...###
####.#.#####....#
#....#.# ##.#.##
#....#.# #....###
#......# ##......
#..g..## #####.#
#..@..# #.. #.....#
### #.....#########
#.............######
#......######.......
#####....## ########
#..#..# #...#.#
#.#.#.## ###


You could see a gnoll.

Vanquished Creatures
  Natasha (twice) (D:2)
  A gnoll (D:2)
  3 adders (D:2)
  5 endoplasms
  2 giant cockroaches (D:1)
  2 goblins (D:1)
  5 hobgoblins
  2 jackals (D:2)
  2 quokkas
  A ball python (D:1)
  3 bats
  2 frilled lizards (D:1)
  3 kobolds
  4 rats
37 creatures vanquished.

Notes
Turn   | Place    | Note
-------+----------+-------------------------------------------
     0 | D:1      | Setbun the Kobold Brigand began the quest for the Orb.
     0 | D:1      | Reached XP level 1. HP: 12/12 MP: 1/1
   117 | D:1      | Reached skill level 3 in Short Blades
   300 | D:1      | Reached XP level 2. HP: 17/17 MP: 2/2
   426 | D:1      | Reached skill level 4 in Short Blades
  1121 | D:2      | Reached XP level 3. HP: 21/21 MP: 3/3
  1402 | D:2      | Noticed Natasha
  1406 | D:2      | Killed Natasha
  1407 | D:2      | Reached skill level 5 in Short Blades
  1407 | D:2      | Reached XP level 4. HP: 26/26 MP: 4/4
  1414 | D:2      | Noticed Natasha
  1422 | D:2      | Killed Natasha
  1423 | D:2      | Reached skill level 6 in Short Blades
  1481 | D:2      | Noticed Natasha
  1696 | D:2      | Reached XP level 5. HP: 30/30 MP: 5/5
  1977 | D:1      | Slain by a gnoll

Illustrated notes

Levels and vault maps discovered:
D:1:      dpeg_arrival_castle, layout_rooms, skrybe_limestone_x
D:2:      layout_basic, uniq_natasha

Skill      XL: |  1  2  3  4 |
---------------+-------------+-----
Short Blades   | 3 4 5 6 |  6.7
Fighting       | |  2.1
Throwing       | |  2.1
Dodging        | |  1.2
Stealth        | |  5.3

Action                   |  1- 3 |  4- 6 || total
-------------------------+-------+-------++-------
Melee: Dagger            |    82 |    59 ||   141
       Punch             |     2 |     2 ||     4
 Stab: Sleeping          |    12 |     7 ||    19
Armor: Robe              |    19 |     5 ||    24
Dodge: Dodged            |    65 |    30 ||    95

Table legend: (Time is in decaauts)
 A = Elapsed time spent in this place.
 B = Non-inter-level travel time spent in this place.
 C = Inter-level travel time spent in this place.
 D = Time resting spent in this place.
 E = Time spent auto-exploring this place.
 F = Levels seen in this place.
 G = Mean time per level.
                   A        B        C        D        E       F      G
               +--------+--------+--------+--------+--------+-----+--------+
         Total |   1949 |   1876 |     73 |    176 |   1281 |   2 |  974.5 |
       Dungeon |   1949 |   1876 |     73 |    176 |   1281 |   2 |  974.5 |
               +--------+--------+--------+--------+--------+-----+--------+

Top non-repeatable levels by time:
     D:1: 1293 daAuts
     D:2: 655 daAuts
